 Dungeon Crawl Stone Soup version 0.18.1-50-g88ac8fd (webtiles) character file.

194 Amnesiac the Cutter (level 5, -1/41 HPs)
             Began as a Merfolk Fighter on Mar 11, 2018.
             Slain by an ogre
             ... wielding a +0 giant club
              (25 damage)
             ... on level 4 of the Dungeon.
             The game lasted 00:03:00 (1158 turns).

Amnesiac the Cutter (Merfolk Fighter)               Turns: 1158, Time: 00:03:01

Health: -1/41      AC:  7    Str: 17    XL:     5   Next: 73%
Magic:  0/5        EV:  6    Int:  7    God:
Gold:   33         SH:  9    Dex: 14    Spells: 0 memorised, 4 levels left

rFire  . . .     SeeInvis .     a - +0 rapier
rCold  . . .     Gourm    .     b - +0 scale mail
rNeg   . . .     Faith    .     c - +0 shield
rPois  .         Spirit   +     (no helmet)
rElec  .         Dismiss  .     (no cloak)
rCorr  .         Reflect  .     g - +0 pair of gloves
SustAt .         Harm     .     (no boots)
MR     .....                    e - amulet of guardian spirit
Stlth  ..........               (no ring)
                                (no ring)

@: not resistant to hostile enchantments, extremely unstealthy
A: change form in water, swift swim
a: no special abilities


You were on level 4 of the Dungeon.
You were not hungry.

You visited 1 branch of the dungeon, and saw 4 of its levels.

You collected 33 gold pieces.

Inventory:

Hand Weapons
 a - a +0 rapier (weapon)
Armour
 b - a +0 scale mail (worn)
 c - a +0 shield (worn)
 g - a +0 pair of gloves (worn)
Jewellery
 e - an amulet of guardian spirit (around neck)
Potions
 d - 2 potions of curing {!q, unknown}
Comestibles
 f - a bread ration
 h - 3 chunks of flesh


   Skills:
 - Level 3.2 Fighting
 + Level 7.0 Short Blades
 - Level 2.1 Armour
 - Level 3.0 Shields


You had 4 spell levels left.
You didn't know any spells.

Dungeon Overview and Level Annotations

Branches:
Dungeon (4/15)
 Temple: D:4-7

Altars:
Cheibriados

Annotations:
D:4 Duvessa


Message History

There is an open door, spattered with blood here.
Things that are here:
a dagger; a robe; the elf corpse of Dowan
Okay, then.
You butcher the elf corpse of Dowan.
h - 9 chunks of flesh (gained 3)
There is an open door, spattered with blood here.
Things that are here:
a dagger; a robe
i - a dagger;
j - a robe You close the door.
Drop what? 10/52 slots (_ for help) (? for menu, Esc to quit)
You drop a dagger.
You drop a robe.
You start resting.
Magic restored.
You start resting.
Magic restored.
You start resting.
Eating one of 9 chunks of flesh.
This raw flesh tastes terrible.
You continue eating. x2
HP restored.
You start resting.
Some of the chunks of flesh in your inventory have rotted away.
HP restored.
An ogre comes into view. It is wielding a giant club.
The ogre shouts!
An ooze comes into view.
The ooze quivers.
The ooze hits you but does no damage. The ooze hits you but does no damage.
There is a stone staircase leading up here.
The ooze hits you but does no damage.
You puncture the ogre!
The ogre is moderately wounded.
You block the ogre's attack.
You barely miss the ogre.
The ogre is moderately wounded.
The ogre completely misses you. The ooze hits you.
The ooze jiggles.
You hit the ooze.
The ooze is lightly wounded.
The ooze hits you but does no damage.
There is an open door here.
You swing at nothing.
You hit the ooze.
The ooze is lightly wounded.
The ooze hits you but does no damage.
You puncture the ooze!
The ooze is almost dead.
You block the ooze's attack.
You hit the ooze.
You kill the ooze!
Your Short Blades skill increases to level 7!
You hit the ogre.
The ogre is moderately wounded.
The ogre hits you with a giant club!!
You hit the ogre.
The ogre is moderately wounded.
You hit the ogre but do no damage.
The ogre is moderately wounded.
The ogre hits you with a giant club!!
Ouch! That really hurt!
You die...

######## ###### ######
#......#####....# #.....
#......#...#....# #.....
#..>...#...#....# #.....
#.. #......O@..#....#
#..... #..
#......#...#....# #.....
#?.. #......#...#....#
#..... #..
#......#####....## #.....
###...#......#..#......#
####..
+....a#......#..#......#
#..
#.....+......#)[#......#
#.. #:.....#.)#......# #..
####+####......#..#......#
###..


You could see an ogre.

Vanquished Creatures
  A centaur (D:4)
  Dowan (D:4)
  An orc priest (D:4)
  2 oozes
  3 giant geckos
  7 orcs (D:4)
  A ball python (D:2)
  A giant cockroach (D:4)
  2 goblins (D:3)
  A giant newt (D:3)
  3 rats
23 creatures vanquished.

Notes
Turn   | Place    | Note
--------------------------------------------------------------
     0 | D:1      | Amnesiac the Merfolk Fighter began the quest for the Orb.
     0 | D:1      | Reached XP level 1. HP: 18/18 MP: 1/1
     9 | D:1      | Reached skill level 3 in Short Blades
   100 | D:2      | Reached XP level 2. HP: 18/24 MP: 2/2
   195 | D:3      | Found a snail-covered altar of Cheibriados.
   376 | D:4      | Reached skill level 4 in Short Blades
   504 | D:4      | Reached XP level 3. HP: 23/29 MP: 1/3
   675 | D:4      | Reached skill level 5 in Short Blades
   675 | D:4      | Reached XP level 4. HP: 34/35 MP: 4/4
   854 | D:4      | Noticed a centaur
   866 | D:4      | Killed a centaur
   866 | D:4      | Reached skill level 6 in Short Blades
   866 | D:4      | Reached XP level 5. HP: 37/41 MP: 5/5
   896 | D:4      | Noticed Dowan
   897 | D:4      | Noticed Duvessa
   934 | D:4      | Killed Dowan
  1110 | D:4      | Noticed an ogre
  1155 | D:4      | Reached skill level 7 in Short Blades
  1158 | D:4      | Slain by an ogre

Skill      XL: |  1  2  3  4  5 |
---------------+----------------+-----
Short Blades   | 3 4 5 6 7 |  7.0
Fighting       | |  3.2
Armour         | |  2.1
Shields        | |  3.0

Action                   |  1- 3 |  4- 6 || total
-------------------------+-------+-------++-------
Melee: Rapier            |    55 |    44 ||    99
  Use: Scroll            |     1 |       ||     1
       Potion            |     1 |       ||     1
  Eat: Chunk             |       |     1 ||     1
Armor: Scale mail        |    19 |    15 ||    34
Dodge: Dodged            |     9 |     5 ||    14
Block: Shield            |    29 |    16 ||    45
